 Dungeon Crawl Stone Soup version 0.31-a0-303-gdc8c9485ea (webtiles) character file.

Game seed: 11538687580552379306

54 Zonian the Changeling (level 3, 0/33 HPs)
             Began as a Naga Shapeshifter on July 16, 2023.
             Killed from afar by an orc wizard (8 damage)
             ... with a magic dart
             ... on level 3 of the Dungeon.
             The game lasted 00:03:12 (1899 turns).

Zonian the Changeling (Naga Shapeshifter)           Turns: 1899, Time: 00:03:16

Health: 0/33       AC:  2    Str: 17    XL:     3   Next: 91%
Magic:  3/3        EV: 10    Int:  8    God:
Gold:   47         SH:  0    Dex: 13    Spells: 2/2 levels left

rFire   . . .        f - +2 short sword (venom)
rCold   . . .        (no shield)
rNeg    . . .        a - +0 animal skin
rPois   +            o - melded +0 helmet of Widghas {rN+}
rElec   .            (cloak currently unavailable)
rCorr   .            (gloves currently unavailable)
SInv    +            (no barding)
Will    .....        (no amulet)
Stlth   +            (no ring)
HPRegen 0.25/turn    (no ring)
MPRegen 0.08/turn

%: no passive effects
@: beast-form, very slow
A: beast (slay +2), AC +1, large, see invisible, deformed body, poison
resistance, slowness 2, spit poison 1, naga tail 1
a: Spit Poison, Begin Untransformation


You were on level 3 of the Dungeon.
You were a hulking beast.
You visited 1 branch of the dungeon, and saw 3 of its levels.

You collected 83 gold pieces.
You spent 36 gold pieces at shops.

Inventory:

Hand Weapons
 f - a +2 short sword of venom (weapon)
 m - a +0 sling
 n - a +0 short sword of flaming
Armour
 a - a +0 animal skin (worn)
 o - the +0 helmet of Widghas (melded) {rN+}
   (You found it on level 3 of the Dungeon)

   rN:        It protects you from negative energy.
Talismans
 c - a beast talisman
Scrolls
 d - a scroll of immolation {unknown}
 e - a scroll of acquirement {unknown}
 g - a scroll of teleportation
 h - 2 scrolls of amnesia {unknown}
 j - a scroll of fog {unknown}
 l - 2 scrolls of identify {unknown}
Potions
 b - a potion of lignification
 i - 2 potions of might {unknown}
 k - a potion of haste {unknown}
 p - 2 potions of brilliance {unknown}


   Skills:
 + Level 2.6 Fighting
 + Level 2.1 Dodging
 + Level 2.6 Unarmed Combat
 + Level 3.3 Shapeshifting


You had 2 spell levels left.
You didn't know any spells.
Your spell library contained the following spells:

 Spells                   Type           Power      Damage    Failure   Level
 Ensorcelled Hibernation  Hex/Ice        0%         N/A       54%         2
 Passwall                 Tmut/Erth      0%         N/A       54%         2
 Inner Flame              Hex/Fire       0%         N/A       78%         3
 Swiftness                Air            0%         N/A       78%         3
 Yara's Violent Unravell  Hex/Tmut       0%         3d3       100%        5
 Enfeeble                 Hex            0%         N/A       100%        7


Dungeon Overview and Level Annotations

Branches:
Dungeon (3/15)

Altars:

Shops:
D:1 !(*


Innate Abilities, Weirdness & Mutations

You are a hulking beast.
Your limbs bulge with bestial killing power. (Slay +2)
Your serpentine skin is tough. (AC +1)
You have supernaturally acute eyesight. (SInv)
Armour fits poorly on your strangely shaped body.
Your system is resistant to poisons. (rPois)
You cover ground very slowly.
You can spit poison.
You have a snake-like lower body.


Message History

You hit the adder.
You kill the adder!
You feel sick.
Unknown command.
You start resting.
You feel sick. x4
You are no longer poisoned.
You start resting.
HP restored.
You start waiting.
Done waiting.
Unknown command.
A hobgoblin and a quokka come into view.
There are monsters nearby!
Unknown command.
An orc wizard comes into view. It is wielding a +0 dagger.
The hobgoblin shouts!
The orc wizard shouts!
You hear a shout! x2
Found a stone staircase leading down.
The orc wizard gestures at you while chanting.
The magic dart hits you!
An orc comes into view. It is wielding a +0 short sword.
The quokka bites you but does no damage.
An orc comes into view. It is wielding a +0 flail.
An orc comes into view. It is wielding a +0 hand axe.
The quokka bites you.
You barely miss the quokka. The quokka bites you.
You hit the orc wizard.
The orc wizard is poisoned.
The orc wizard is moderately wounded.
The quokka bites you.
The orc wizard hits you with a +0 dagger.
The hobgoblin barely misses you.
You are too injured to fight recklessly!
You are too injured to fight recklessly!
Unknown command.
You hit the orc wizard.
The orc wizard is severely wounded.
The quokka bites you.
* * * LOW HITPOINT WARNING * * *
The orc wizard points at you and mumbles some strange words.
The magic dart hits you!
You die...

♣...#.###.....#
♣♣♣##.........#
#......#..####
#####............##
.........##..†##..#### #
.........##..........#>#
.........##..#.........#
.........##............#
.##########....gh......#
#.....or.....#
#.....o......#
...?...o......#
#....#.....o..##
#.............#
######.........#
##........#


You could see an orc wizard (very poisoned), 3 orcs, a quokka and a hobgoblin.

Vanquished Creatures
  2 adders
  A dart slug (D:2)
  6 ball pythons
  An endoplasm (D:2)
  4 giant cockroaches (D:1)
  5 goblins
  2 hobgoblins
  A kobold (D:1)
  3 quokkas
  2 bats
  A frilled lizard (D:1)
  6 rats
34 creatures vanquished.

Notes
Turn   | Place    | Note
-------+----------+-------------------------------------------
     0 | D:1      | Zonian the Naga Shapeshifter began the quest for the Orb.
     0 | D:1      | Reached XP level 1. HP: 19/19 MP: 1/1
   455 | D:1      | Reached XP level 2. HP: 22/26 MP: 2/2
   535 | D:1      | Found Ruewoimp's Distillery.
   620 | D:1      | Found Cajump's Antique Weapon Boutique.
   668 | D:1      | Found Sydez's General Store.
   690 | D:1      | Bought a scroll of teleportation for 36 gold pieces
  1338 | D:2      | Reached XP level 3. HP: 29/33 MP: 3/3
  1666 | D:3      | Identified the +0 helmet of Widghas {rN+}
  1899 | D:3      | Killed from afar by an orc wizard

Illustrated notes

Levels and vault maps discovered:
D:1:      tekkud_arrival_beachfront_property, layout_basic, serial_shops,
          nicolae_shop_advertising_works [nicolae_subvault_shop_adworks],
          nicolae_shop_rolling_square, shop
D:2:      layout_rooms, minmay_shallow_snake_nest
D:3:      layout_rooms, mainiacjoe_overflow_divided_tiny,
          ebering_ecumenical_altar_hall, grunt_ministairs_5, moated_statue,
          skrybe_limestone_x, minmay_liquid_box, uniq_crazy_yiuf_cottage

Skill      XL: |  1  2 |
---------------+-------+-----
Dodging        | 2 |  2.1
Fighting       | |  2.6
Unarmed Combat | |  2.6
Shapeshifting  | |  3.3

Action                     || total
---------------------------++-------
  Melee: Unarmed           ||    35
         Short sword       ||    42
         Punch             ||     4
Ability: Begin Untransform ||     1
   Stab: Sleeping          ||     2
 Armour: Animal skin       ||    13
  Dodge: Dodged            ||    45
   Form: Beast             ||     1

Table legend: (Time is in decaauts)
 A = Elapsed time spent in this place.
 B = Non-inter-level travel time spent in this place.
 C = Inter-level travel time spent in this place.
 D = Time resting spent in this place.
 E = Time spent auto-exploring this place.
 F = Levels seen in this place.
 G = Mean time per level.
                   A        B        C        D        E       F      G
               +--------+--------+--------+--------+--------+-----+--------+
         Total |   2360 |   2293 |     67 |    527 |   1437 |   3 |  786.7 |
       Dungeon |   2360 |   2293 |     67 |    527 |   1437 |   3 |  786.7 |
               +--------+--------+--------+--------+--------+-----+--------+

Top non-repeatable levels by time:
     D:1: 1433 daAuts
     D:2: 637 daAuts
     D:3: 288 daAuts
